AoeStats
← Φ Lechero

Arena

509589340Analyzed
4v4 RM · 4d ago on Sep 27, 2026· 21m 27s· 8 players
Game mode
Random Map
Map size
Large (8 player)
Population
200
Speed
Normal
Resources
Standard
Victory
Conquest
Starting age
Dark Age
Ending age
Imperial Age
RankedLock teamsTeams togetherTeam positionsShared explorationLock speedFull tech treeHidden civsTurbo modeCheats
Victory
Defeat
🇰🇷 Byzantines · South Korea
1112
+12
🇦🇺 Gurjaras · Australia
1035
+15
🇬🇧 Huns · United Kingdom
999
+17
🇩🇪 Khmer · Germany
990
+17
🇸🇪 Portuguese · Sweden
1055
-16
🇨🇭 Persians · Switzerland
1005
-15
🇷🇺 Lithuanians · Russia
1000
-45
🇷🇺 Turks · Russia
1000
-45
White
10:50 Feudal Age
9:07 Loom
15:49 Castle Age
15:26 Stone Mining
15:24 Double-Bit Axe
15:21 Horse Collar
17:25 Gold Mining
gadkiy ia
15:28 Feudal Age
19:14 Horse Collar
20:12 Wheelbarrow
22:21 Castle Age
RATATUI11435
15:41 Feudal Age
22:09 Castle Age
20:10 Loom
21:00 Wheelbarrow
20:14 Double-Bit Axe
20:25 Gold Mining
Twör
11:05 Feudal Age
12:23 Double-Bit Axe
15:14 Castle Age
14:27 Horse Collar
16:56 Wheelbarrow
16:07 Loom
Φ Lechero
10:25 Feudal Age
13:46 Castle Age
11:51 Double-Bit Axe
11:48 Horse Collar
14:01 Wheelbarrow
SHK
1:06 Loom
11:35 Feudal Age
15:55 Castle Age
13:54 Double-Bit Axe
14:04 Horse Collar
15:29 Stone Mining
15:51 Gold Mining
16:53 Bow Saw
17:08 Heavy Plow
Mike Rotch
5:25 Loom
12:40 Feudal Age
16:59 Castle Age
14:59 Double-Bit Axe
15:20 Horse Collar
19:37 Bow Saw
19:38 Fletching
19:49 Padded Archer Armor
20:51 Heavy Plow
21:48 Wheelbarrow
TheBlackdude
10:59 Feudal Age
9:16 Loom
10:26 Loom
11:27 Horse Collar
11:34 Double-Bit Axe
20:19 Castle Age
21:12 Wheelbarrow
Connection lost

Rejoining the realm…

Still unreachable

The connection could not be restored.

Session expired

The server has moved on; the page needs a fresh start.